 Dungeon Crawl Stone Soup version 0.31-a0-1278-g11c5b68f87 (webtiles) character file.

Game seed: 15527375661321941122

35484 Pooter the Severer (level 13, -4/171 (178) HPs)
             Began as a Minotaur Berserker on Dec 17, 2023.
             Was an Elder of Trog.
             Slain by a culicivora (7 damage)
             ... on level 2 of the Lair of Beasts on Dec 18, 2023.
             The game lasted 01:21:03 (16254 turns).

Pooter the Severer (Minotaur Berserker)            Turns: 16254, Time: 01:21:04

HP:   -4/171 (178)  AC: 24    Str: 33    XL:     13   Next: 47%
MP:   0/12          EV:  9    Int: 11    God:    Trog [****..]
Gold: 645           SH:  0    Dex: 12    Spells: 12/12 levels left

rFire   . . .        a - +1 demon trident "Jirchum" {flame, *Noise Str+8 Int+3 SInv}
rCold   . . .        (no shield)
rNeg    . . .        r - +8 plate armour
rPois   .            k - +2 hat
rElec   .            I - +0 cloak
rCorr   .            (no gloves)
SInv    +            u - +0 pair of boots
Will    ++...        z - amulet of Daisies {Spirit Will++ Int+4} Stlth
                     (no ring)
HPRegen 0.48/turn    (no ring)
MPRegen 0.13/turn

%: guardian spirit
@: berserking, lightly drained, very quick
A: horns 2, retaliatory headbutt
a: Renounce Religion, Berserk, Trog's Hand, Brothers in Arms


You were on level 2 of the Lair of Beasts.
You worshipped Trog.
Trog was greatly pleased with you.
You visited 3 branches of the dungeon, and saw 15 of its levels.
You also visited: Bailey.

You collected 2103 gold pieces.
You spent 1458 gold pieces at shops.

Inventory:

Hand Weapons
 a - the +1 demon trident "Jirchum" (weapon) {flame, *Noise Str+8 Int+3 SInv}
   (You bought it in a shop on level 2 of the Orcish Mines)

   Str+8:     It affects your strength (+8).
   Int+3:     It affects your intelligence (+3).
   SInv:      It lets you see invisible.
   *Noise:    It may make a loud noise when swung.
 b - a +3 arbalest
   (You took it off an orc in a bailey)
 n - a +1 morningstar of protection
   (You took it off an orc on level 7 of the Dungeon)
 p - the +7 spear "Gupiacom" {drain, rC+ Will+}
   (You found it on level 2 of the Dungeon)

   rC+:       It protects you from cold.
   Will+:     It increases your willpower.
 q - a +2 hand axe of flaming
   (You found it on level 3 of the Dungeon)
 A - a +1 heavy war axe
   (You took it off an orc on level 8 of the Dungeon)
Missiles
 e - 23 poisoned darts
 m - 23 boomerangs (quivered)
 o - a throwing net {!f}
 v - 3 javelins
 w - 6 silver javelins
 Q - 91 stones
Armour
 k - a +2 hat (worn)
   (You found it on level 7 of the Dungeon)
 r - a +8 plate armour (worn)
   (You took it off an orc knight in a bailey)
 u - a +0 pair of boots (worn)
   (You found it on level 4 of the Dungeon)
 I - a +0 cloak (worn)
   (You found it on level 1 of the Lair of Beasts)
Jewellery
 z - the amulet of Daisies (around neck) {Spirit Will++ Int+4}
   (You found it on level 10 of the Dungeon)

   [amulet of guardian spirit]

   Spirit:    It causes incoming damage to be divided between your reserves of
   health and magic.
   Int+4:     It affects your intelligence (+4).
   Will++:    It greatly increases your willpower.
 D - an amulet of regeneration
   (You found it on level 8 of the Dungeon)
 F - a ring of protection from fire
   (You took it off Erica on level 2 of the Lair of Beasts)
Wands
 f - a wand of flame (24)
   (You found it on level 8 of the Dungeon)
 g - a wand of mindburst (1)
   (You found it on level 9 of the Dungeon)
 s - a wand of roots (10)
   (You found it on level 6 of the Dungeon)
 H - a wand of charming (4)
   (You found it on level 11 of the Dungeon)
 J - a wand of light (4)
   (You found it on level 1 of the Lair of Beasts)
Scrolls
 c - 5 scrolls of immolation {!r}
 i - 6 scrolls of identify {@r1}
 t - 6 scrolls of teleportation {@r4}
 y - a scroll of silence
 E - 3 scrolls of fog
 G - 2 scrolls of blinking
Potions
 d - 3 potions of curing {@q1}
 h - 3 potions of lignification {!q}
 j - a potion of mutation {!q}
 l - 3 potions of invisibility
 x - 2 potions of might
 B - a potion of cancellation
 C - 3 potions of enlightenment


   Skills:
 + Level 12.9 Fighting
 * Level 17.3(18.4) Axes
 - Level 10.6(15.2) Polearms
 * Level 11.8 Ranged Weapons
 + Level 4.9 Armour
 + Level 4.3 Dodging
 - Level 2.0 Unarmed Combat
 + Level 2.8 Evocations


You had 12 spell levels left.
You didn't know any spells.
Your spell library was empty.

Dungeon Overview and Level Annotations

Branches:
Dungeon (11/15) Zot: 25732  Temple (0/1) D:6            Lair (2/5) D:11 Zot: 11103
  Swamp (0/4) Lair:2       Spider (0/4) Lair:2          Orc (2/2) D:11 Zot: 8017
    Elf (0/3) Orc:2        Bailey (visited)

Altars:
Cheibriados
Elyvilon
Gozag
Ru
Sif Muna
Uskayaw
Vehumet
Wu Jian
Zin
The Shining One

Shops:
D:10 :   D:11 ?   Orc:1 *   Orc:2 (::???

Portals:
Gauntlet: Lair:2

Annotations:
Orc:2 1 runed translucent door, Fodor's ghost, journeyman MiFi


Innate Abilities, Weirdness & Mutations

You have a pair of horns on your head.
You reflexively headbutt those who attack you in melee.


Message History

The wolf bites you.
* * * LOW HITPOINT WARNING * * *
A red film seems to cover your vision as you go berserk!
You feel yourself moving faster!
You feel mighty!
A culicivora comes into view.
The bullfrog hits you but does no damage.
The wolf bites you but does no damage. Nergalle hits you with a +0 dagger.
* * * LOW HITPOINT WARNING * * *
The culicivora bites you!
* * * LOW MAGIC WARNING * * *
* * * LOW HITPOINT WARNING * * *
The culicivora draws strength from your injuries!
The bullfrog misses you. You furiously retaliate!
You headbutt the bullfrog! You barely miss Nergalle.
The wolf barely misses you. You furiously retaliate!
You headbutt the wolf!!
You feel the power of Trog in you as your rage grows.
You kill the wolf!
Trog accepts your kill. Nergalle misses you.
You impale Nergalle!! You burn Nergalle.
You feel the power of Trog in you as your rage grows.
You kill Nergalle!
Trog accepts your kill.
Trog appreciates your killing of a magic user.
The spectral orc warrior disappears in a puff of smoke!
Your skin stops crawling.
You feel less strong-willed. The culicivora bites you!
* * * LOW MAGIC WARNING * * *
* * * LOW HITPOINT WARNING * * *
The culicivora draws strength from your injuries!
The culicivora closely misses you.
A wolf comes into view.
The bullfrog closely misses you.
The wolf howls!
The culicivora bites you!!
* * * LOW MAGIC WARNING * * *
* * * LOW HITPOINT WARNING * * *
The culicivora draws strength from your injuries!
The culicivora attacks as it pursues you!
The culicivora bites you!
* * * LOW MAGIC WARNING * * *
* * * LOW HITPOINT WARNING * * *
The culicivora draws strength from your injuries!
You feel a strong urge to attack something.
A wolf comes into view.
There is a gate leading to a gauntlet here.
Beware, the minotaur awaits!
The wolf howls!
The culicivora bites you!
You die...

......P##*..,*,,,*,*,,,*
.###.....##.********,,,**
###[#..##...,,** *,,,.*
...###..#...,,,* **,,.#*
.......##†..,,,#*##,,..#*
.......#*#.^,,*.#.##...P*
.......####†####........*
.........###............*
....#.....###.ss@.##,,,,*
#...##.....>.).sY.#*,,,,*
....##.........F...#,,,,*
.#..###.#...####..##,,,,*
.................h#,,,,,**
.............###..#*,,,,,*
,*....##.##### #P.#*,,,,,*
**##.#*#..*** *#..h,,,,,**
,,,##**#.#*,***,,,P#,,*,*


You could see 3 culicivoras, a yak, 2 wolves and a bullfrog.

Vanquished Creatures
  Snorg (D:10)
  Erolcha (Orc:2)
  2 ogre magi (Orc:2)
  Erica (Lair:2)
  11 two-headed ogres
  Urug (Orc:2)
  Nergalle (Lair:2)
  An orange crystal statue (D:10)
  2 deep trolls (Orc:1)
  An orc knight (Bailey)
  2 cyclopes (Orc:2)
  3 orc sorcerers
  A manticore (D:11)
  2 kobold blastminers (Orc:1)
  3 black mambas
  A torpor snail (Lair:1)
  3 komodo dragons
  2 cane toads
  11 trolls
  A hornet (D:9)
  5 blink frogs
  A shadow (D:11)
  A wraith (D:9)
  A spriggan (D:7)
  25 yaks
  A wyvern (D:11)
  Grum (D:11)
  The ghost of Daunt the Trooper, an amateur FoEE of Okawaru (D:3)
  A basilisk (D:11)
  2 steam dragons
  A warg (Orc:2)
  3 water moccasins
  25 orc warriors
  2 ice beasts (D:6)
  A black bear (Lair:1)
  15 wolves
  A centaur (D:10)
  20 ogres
  A kobold brigand (D:8)
  8 bullfrogs
  A gnoll sergeant (D:8)
  A scorpion (D:4)
  11 killer bees
  A vampire bat (Orc:2)
  5 howler monkeys
  10 orc priests
  3 jellies
  A gnoll bouda (D:5)
  7 hounds
  4 sleepcaps
  Natasha (twice) (D:2)
  3 iguanas
  19 orc wizards
  12 gnolls
  6 adders
  A shadow imp (D:6)
  A white imp (D:7)
  4 ufetubi
  3 dart slugs
  87 orcs
  8 bats
  7 endoplasms
  5 giant cockroaches
  12 goblins
  A hobgoblin (D:3)
  13 kobolds
  2 quokkas
  3 ball pythons
  6 frilled lizards
  8 rats
414 creatures vanquished.

Notes
Turn   | Place    | Note
-------+----------+-------------------------------------------
     0 | D:1      | Pooter the Minotaur Berserker began the quest for the Orb.
     0 | D:1      | Reached XP level 1. HP: 19/19 MP: 0/0
    95 | D:1      | Reached skill level 4 in Axes
   107 | D:1      | Reached XP level 2. HP: 22/27 MP: 1/1
   225 | D:1      | Found a faded altar of an unknown god.
   816 | D:2      | Noticed Natasha
   826 | D:2      | Killed Natasha
   827 | D:2      | Reached skill level 5 in Axes
   827 | D:2      | Reached XP level 3. HP: 25/34 MP: 2/2
   903 | D:2      | Identified the +7 spear "Gupiacom" {drain, rC+ Will+}
   952 | D:2      | Reached ** piety under Trog
  1112 | D:2      | Noticed Natasha
  1117 | D:2      | Killed Natasha
  1118 | D:2      | Reached skill level 1 in Polearms
  1118 | D:2      | Reached XP level 4. HP: 36/41 MP: 3/3
  1420 | D:3      | Found an ornate altar of the Wu Jian Council.
  1477 | D:3      | Found a runed translucent door.
  1487 | D:3      | Noticed Daunt's ghost (amateur FoEE)
  1498 | D:3      | Killed Daunt's ghost
  1499 | D:3      | Reached skill level 5 in Fighting
  1499 | D:3      | Reached skill level 6 in Axes
  1499 | D:3      | Reached XP level 5. HP: 48/48 MP: 4/4
  1622 | D:3      | Reached XP level 6. HP: 56/56 MP: 5/5
  2387 | D:4      | Found a sacrificial altar of Ru.
  2479 | D:4      | Found a glowing golden altar of the Shining One.
  2601 | D:4      | Reached skill level 7 in Axes
  2601 | D:4      | Reached XP level 7. HP: 57/61 MP: 6/6
  2609 | D:4      | Reached skill level 5 in Polearms
  3103 | D:5      | Entered Level 5 of the Dungeon
  3254 | D:5      | Reached skill level 8 in Axes
  3374 | D:5      | Reached XP level 8. HP: 71/71 MP: 7/7
  4353 | D:6      | Reached *** piety under Trog
  4623 | D:6      | Reached skill level 9 in Axes
  4642 | D:6      | Found a staircase to the Ecumenical Temple.
  4780 | D:6      | Found a shimmering blue altar of Sif Muna.
  4781 | D:6      | Found a radiant altar of Vehumet.
  4980 | D:7      | Found a hide-covered altar of Uskayaw.
  5258 | D:7      | Reached XP level 9. HP: 72/79 MP: 8/8
  5306 | D:7      | Reached skill level 10 in Axes
  5663 | D:7      | Noticed a two-headed ogre
  5669 | D:7      | Killed a two-headed ogre
  5799 | D:8      | Reached skill level 11 in Axes
  5946 | D:8      | Found a white marble altar of Elyvilon.
  6125 | D:8      | Reached skill level 10 in Polearms
  6139 | D:8      | Reached XP level 10. HP: 78/90 MP: 9/9
  6169 | D:8      | Reached **** piety under Trog
  6237 | D:8      | Found a glowing silver altar of Zin.
  6495 | D:9      | Reached skill level 12 in Axes
  6503 | D:9      | Found a flagged portal.
  6509 | Bailey   | Entered a bailey
  6891 | Bailey   | Reached skill level 1 in Unarmed Combat
  7035 | Bailey   | Noticed an orc knight
  7044 | Bailey   | Killed an orc knight
  7045 | Bailey   | Reached skill level 1 in Ranged Weapons
  7685 | D:9      | Found an opulent altar of Gozag.
  7916 | D:9      | Found a snail-covered altar of Cheibriados.
  8229 | D:9      | Reached skill level 13 in Axes
  8627 | D:10     | Entered Level 10 of the Dungeon
  8678 | D:10     | Found Gisyatzu's Tiny Tomes.
  8697 | D:10     | Identified a scroll of acquirement
  8697 | D:10     | Acquired 727 gold pieces
  8714 | D:10     | Identified the amulet of Daisies {Spirit Will++ Int+4}
  8787 | D:10     | Noticed an orange crystal statue
  8820 | D:10     | Reached skill level 10 in Fighting
  9516 | D:10     | Killed an orange crystal statue
  9517 | D:10     | Reached skill level 5 in Ranged Weapons
  9517 | D:10     | Reached XP level 11. HP: 99/99 MP: 0/10
  9696 | D:10     | Noticed a two-headed ogre
  9707 | D:10     | Killed a two-headed ogre
  9857 | D:10     | Noticed Snorg
  9863 | D:10     | Killed Snorg
 10123 | D:11     | Reached skill level 14 in Axes
 10179 | D:11     | Found a staircase to the Orcish Mines.
 10191 | Orc:1    | Entered Level 1 of the Orcish Mines
 10215 | Orc:1    | Noticed an orc sorcerer
 10218 | Orc:1    | Noticed a soul eater
 10229 | Orc:1    | Killed an orc sorcerer
 10628 | Orc:1    | Noticed an orc sorcerer
 10628 | Orc:1    | Paralysed by an orc sorcerer for 5 turns
 10642 | Orc:1    | Noticed a soul eater
 10642 | Orc:1    | Killed an orc sorcerer
 10905 | Orc:2    | Entered Level 2 of the Orcish Mines
 10958 | Orc:2    | Found Yhucext's Weapon Boutique.
 11135 | Orc:2    | Bought the +1 demon trident "Jirchum" {flame, *Noise Str+8
                  | Int+3 SInv} for 628 gold pieces
 11145 | Orc:2    | Found a runed translucent door.
 11148 | Orc:2    | Noticed Fodor's ghost (journeyman MiFi)
 11233 | Orc:2    | Found a staircase to the Elven Halls.
 11271 | Orc:2    | Noticed Erolcha
 11298 | Orc:2    | Killed Erolcha
 11335 | Orc:2    | Noticed a two-headed ogre
 11415 | Orc:2    | Killed a two-headed ogre
 11416 | Orc:2    | Reached skill level 15 in Axes
 11482 | Orc:2    | Noticed a deep troll
 11485 | Orc:2    | Noticed a two-headed ogre
 11524 | Orc:1    | Killed a two-headed ogre
 11526 | Orc:1    | Killed a deep troll
 11527 | Orc:1    | Reached XP level 12. HP: 81/110 MP: 4/11
 11774 | Orc:2    | Noticed a two-headed ogre
 11779 | Orc:2    | Killed a two-headed ogre
 11791 | Orc:2    | Noticed a two-headed ogre
 11796 | Orc:2    | Noticed an ogre mage
 11801 | Orc:1    | Killed a two-headed ogre
 11994 | Orc:2    | Noticed an ogre mage
 12105 | Orc:2    | Killed an ogre mage
 12120 | Orc:2    | Killed an ogre mage
 12128 | Orc:2    | Noticed a two-headed ogre
 12133 | Orc:2    | Killed a two-headed ogre
 12134 | Orc:2    | Reached skill level 16 in Axes
 12135 | Orc:2    | Noticed Urug
 12148 | Orc:2    | Killed Urug
 12149 | Orc:2    | Reached skill level 10 in Ranged Weapons
 12265 | Orc:2    | Noticed a two-headed ogre
 12272 | Orc:2    | Killed a two-headed ogre
 12342 | Orc:2    | Noticed a two-headed ogre
 12344 | Orc:2    | Noticed a two-headed ogre
 12350 | Orc:2    | Killed a two-headed ogre
 12357 | Orc:2    | Killed a two-headed ogre
 12665 | Orc:2    | Reached skill level 1 in Evocations
 13643 | Orc:2    | Found Mionuq's Magic Scroll Boutique.
 13643 | Orc:2    | Found Dydaomn's Book Emporium.
 13647 | Orc:2    | Found Xianopil's Magic Scroll Shoppe.
 13648 | Orc:2    | Found Gimiack's Magic Scroll Emporium.
 13650 | Orc:2    | Bought a scroll of silence for 104 gold pieces
 13650 | Orc:2    | Bought a scroll of identify for 22 gold pieces
 13650 | Orc:2    | Bought a scroll of identify for 22 gold pieces
 13657 | Orc:2    | Bought a scroll of enchant weapon for 120 gold pieces
 13658 | Orc:2    | Bought a scroll of revelation for 120 gold pieces
 13669 | Orc:2    | Bought a scroll of identify for 30 gold pieces
 13669 | Orc:2    | Bought a scroll of identify for 30 gold pieces
 13669 | Orc:2    | Bought a scroll of identify for 30 gold pieces
 13669 | Orc:2    | Bought a scroll of identify for 30 gold pieces
 13669 | Orc:2    | Bought 2 scrolls of enchant weapon for 225 gold pieces
 13689 | Orc:1    | Found Obyimoeze's General Store.
 13704 | Orc:1    | Bought a scroll of blinking for 97 gold pieces
 13738 | Orc:2    | Found Qyod's Book Shoppe.
 14321 | D:11     | Noticed a two-headed ogre
 14334 | D:11     | Killed a two-headed ogre
 14408 | D:11     | Found Puraez's Magic Scroll Boutique.
 14459 | D:11     | Reached XP level 13. HP: 109/119 MP: 12/12
 14716 | D:11     | Found a staircase to the Lair.
 15068 | D:11     | Noticed Grum
 15075 | D:11     | Killed Grum
 15316 | Lair:1   | Entered Level 1 of the Lair of Beasts
 15328 | Lair:1   | Reached skill level 17 in Axes
 16166 | Lair:2   | Noticed Erica
 16183 | Lair:2   | Killed Erica
 16214 | Lair:2   | Noticed Nergalle
 16220 | Lair:2   | Found a gate leading to a gauntlet.
 16251 | Lair:2   | Killed Nergalle
 16252 | Lair:2   | HP: 2/171 [culicivora (10)]
 16254 | Lair:2   | Slain by a culicivora

Illustrated notes

Levels and vault maps discovered:
D:1:      minmay_arrival_four_houses, layout_basic,
          ebering_ecumenical_altar_abandoned, chequers_mini_garden
D:2:      layout_rooms, grunt_ministairs_9, uniq_natasha
D:3:      layout_basic, nicolae_wu_jian_glorious_leap,
          hellmonk_ghost_happy_afterlife, solitary_fountain, hex_medium
D:4:      layout_cave_pods, mainiacjoe_overflow_six_doors_small,
          amcnicky_altar_gilded
D:5:      layout_cave_pools, serial_co_window_serial, co_window_paths_a,
          co_window_corner_a, co_window_paths_b, co_window_of_opportunity_a,
          co_window_paths_a, co_window_broadway_a, co_window_unsneaky_path_c,
          co_window_unsneaky_path_b, co_window_cross_2,
          co_window_of_opportunity_c, co_window_4corner_b, glass_columns_a,
          glass_columns_a, glass_columns_a, corexii_leaking_fountain
D:6:      layout_loops_ring, nicolae_overflow_hidden_temple,
          minmay_temple_entry_poolview
D:7:      layout_loops_cross, nicolae_overflow_crystal_walls,
          minmay_fountain_box, nrook_mini_vaults, the_hattery
D:8:      layout_rooms, kennysheep_little_box, elyvilon_altar_1
D:9:      layout_layer_cave, lemuel_crystal_altar, lemuel_doored_altar,
          enter_bailey_3
D:10:     layout_long_grid, nicolae_shop_i_like_small_books_too, minivault_16,
          uniq_snorg
D:11:     layout_loops_ring, david_lair_shrubbed, david_orc_4, serial_shops,
          nicolae_inconvenience_store, uniq_grum
Lair:1:   layout_chaotic_city, lemuel_fruit_fields, serial_bayou_shore_b,
          lemuel_fruit_tree
Lair:2:   layout_gridlike, swamp_mist_pool,
          hellmonk_spider_entry_life_and_decay, gauntlet_entry_generic,
          lemuel_centaur_altar, lemuel_fruit_fields, grunt_megastairs_5,
          uniq_gastronok, uniq_erica, uniq_nergalle
Orc:1:    layout_diamond_mine, serial_shops, shop
Orc:2:    st_orc_open, layout_caves, serial_shops, shop,
          nicolae_book_shop_shelving, enter_volcano_1,
          ebering_ghost_inner_flame, roderic_batcave, uniq_erolcha, uniq_urug

Skill      XL: |  1  2  3  4  5  6  7  8  9 10 11 12 13 |
---------------+----------------------------------------+-----
Axes           | 4 5 6 7 8 9 11 13 15 16 17 | 17.3
Fighting       | 4 5 6 7 8 10 11 12 | 12.9
Polearms       | 1 3 4 6 8 10 | 10.6
Unarmed Combat | 2 |  2.0
Ranged Weapons | 5 8 11 | 11.8
Armour         | 3 4 |  4.9
Evocations     | 1 2 |  2.8
Dodging        | 3 4 |  4.3

Action                     |  1- 3 |  4- 6 |  7- 9 | 10-12 | 13-15 || total
---------------------------+-------+-------+-------+-------+-------++-------
  Melee: Hand axe          |    51 |       |       |       |       ||    51
         Headbutt          |     7 |     5 |    31 |    72 |    37 ||   152
         Spear             |    13 |    66 |   219 |   300 |       ||   598
         Punch             |       |       |     1 |    12 |     3 ||    16
         Demon trident     |       |       |       |   188 |   152 ||   340
         War axe           |       |       |       |    10 |     9 ||    19
   Fire: Sling             |       |     8 |     3 |     6 |       ||    17
         Arbalest          |       |       |       |   186 |    16 ||   202
  Throw: Dart              |       |     7 |       |     2 |       ||     9
         Boomerang         |       |     2 |     2 |    18 |     3 ||    25
 Invoke: Berserk           |     1 |     2 |     1 |    11 |     1 ||    16
         Trog's Hand       |       |     3 |     3 |    22 |     2 ||    30
  Evoke: Wand              |       |       |     2 |     6 |       ||     8
    Use: Scroll            |       |     3 |     3 |    21 |     3 ||    30
         Potion            |       |       |       |     2 |       ||     2
 Armour: Animal skin       |     8 |       |       |       |       ||     8
         Chain mail        |    21 |    22 |    20 |       |       ||    63
         Ring mail         |     3 |       |       |       |       ||     3
         Plate armour      |       |       |    47 |   419 |   119 ||   585
  Dodge: Dodged            |    33 |    13 |    31 |   167 |    67 ||   311

Table legend: (Time is in decaauts)
 A = Elapsed time spent in this place.
 B = Non-inter-level travel time spent in this place.
 C = Inter-level travel time spent in this place.
 D = Time resting spent in this place.
 E = Time spent auto-exploring this place.
 F = Levels seen in this place.
 G = Mean time per level.
                   A        B        C        D        E       F      G
               +--------+--------+--------+--------+--------+-----+--------+
         Total |  16269 |  15648 |    621 |   4224 |   8282 |  16 | 1016.8 |
       Dungeon |  10579 |  10061 |    518 |   1626 |   6821 |  11 |  961.7 |
          Lair |    895 |    877 |     18 |      0 |    597 |   2 |  447.5 |
  Orcish Mines |   3982 |   3898 |     84 |   2261 |    749 |   2 | 1991.0 |
        Bailey |    811 |    811 |      0 |    337 |    114 |   1 |  811.0 |
               +--------+--------+--------+--------+--------+-----+--------+

Top non-repeatable levels by time:
   Orc:2: 2464 daAuts
   Orc:1: 1518 daAuts
     D:9: 1504 daAuts
    D:10: 1425 daAuts
    D:11: 1263 daAuts
     D:4: 1109 daAuts
     D:5: 953 daAuts
     D:3: 947 daAuts
     D:7: 939 daAuts
  Bailey: 811 daAuts
  Lair:1: 789 daAuts
     D:1: 690 daAuts
     D:6: 626 daAuts
     D:8: 622 daAuts
     D:2: 497 daAuts
